 Dungeon Crawl Stone Soup version 0.19.4-10-g532645f (webtiles) character file.

5243 tiohn the Cleaver (level 10, -2/91 HPs)
             Began as a Hill Orc Fighter on Feb 24, 2017.
             Was an Elder of Okawaru.
             Slain by an unseen horror (5 damage)
             ... on level 10 of the Dungeon.
             The game lasted 00:49:55 (9154 turns).

tiohn the Cleaver (Hill Orc Fighter)                Turns: 9154, Time: 00:49:56

Health: -2/91      AC: 14    Str: 23    XL:     10   Next: 62%
Magic:  10/10      EV:  8    Int:  8    God:    Okawaru [****..]
Gold:   600        SH: 14    Dex: 10    Spells: 0 memorised, 9 levels left

rFire  + . .     SeeInvis .     I - +3 war axe
rCold  + . .     Gourm    .     b - +3 scale mail
rNeg   . . .     Faith    .     c - +0 shield
rPois  .         Spirit   .     (no helmet)
rElec  .         Reflect  +     K - +2 cloak
rCorr  .         Harm     .     (no gloves)
MR     .....                    (no boots)
Stlth  ..........               y - +5 amulet of reflection
                                Q - ring of protection from fire
                                w - ring of protection from cold

@: no status effects
A: no striking features
a: Heroism, Renounce Religion


You were on level 10 of the Dungeon.
You worshipped Okawaru.
Okawaru was greatly pleased with you.
You were not hungry.

You visited 2 branches of the dungeon, and saw 11 of its levels.

You collected 600 gold pieces.

Inventory:

Hand Weapons
 E - a +1 hand crossbow of freezing
 I - a +3 war axe (weapon)
 J - a +3 quarterstaff of chaos
 O - a +2 hunting sling of freezing
 P - the +6 hand crossbow of Circular Logic {elec, rN++ Int+3 Dex-3, unknown}
   (You took it off a wight on level 9 of the Dungeon)

   It charges the ammunition it shoots with electricity; occasionally upon a
   hit, such missiles may discharge and cause terrible harm.
   It affects your intelligence (+3).
   It affects your dexterity (-3).
   It greatly protects you from negative energy.
 S - a +0 shortbow
Missiles
 T - 97 arrows
Armour
 b - a +3 scale mail (worn)
 c - a +0 shield (worn)
 q - a +0 robe
 K - a +2 cloak (worn)
 R - a +2 buckler of poison resistance
Jewellery
 w - a ring of protection from cold (left hand)
 y - a +5 amulet of reflection (around neck)
 Q - a ring of protection from fire (right hand)
Wands
 k - a wand of flame (33/48)
 u - a wand of paralysis (14/24)
 v - a wand of acid (5/15)
 M - a wand of flame (31/48)
 Y - a wand of random effects (18/48)
Scrolls
 e - a scroll of random uselessness {unknown}
 g - 2 scrolls of remove curse
 i - 2 scrolls of blinking
 o - 2 scrolls of magic mapping
 p - 2 scrolls of teleportation
 r - a scroll of recharging {unknown}
 z - 2 scrolls of fear {unknown}
 A - 2 scrolls of fog
 F - 2 scrolls of noise
 L - 2 scrolls of amnesia {unknown}
 X - 4 scrolls of identify
Potions
 a - a potion of berserk rage {unknown}
 d - 4 potions of might
 h - 5 potions of heal wounds {unknown}
 j - 2 potions of brilliance {unknown}
 l - 4 potions of degeneration {unknown}
 m - 2 potions of magic {unknown}
 s - 4 potions of haste {unknown}
 t - 2 potions of agility {unknown}
 B - 2 potions of curing {unknown}
 G - 2 potions of ambrosia {unknown}
 Z - 2 potions of flight {unknown}
Books
 H - a book of Battle

   Spells                             Type                      Level
   a - Infusion                       Charms                       1
   b - Shroud of Golubria             Charms/Translocation         2
   c - Song of Slaying                Charms                       2
   d - Spectral Weapon                Hexes/Charms                 3
   e - Regeneration                   Charms/Necromancy            3
Comestibles
 f - a bread ration
 x - 5 beef jerkies
 C - 2 fruits
 D - 2 slices of pizza


   Skills:
 * Level 9.5 Fighting
 * Level 14.7 Axes
 + Level 0.1 Throwing
 + Level 7.3 Armour
 - Level 1.4 Dodging
 + Level 1.1 Stealth
 - Level 3.2 Shields
 + Level 0.3 Invocations


You had 9 spell levels left.
You didn't know any spells.

Dungeon Overview and Level Annotations

Branches:
Dungeon (10/15)            Temple (1/1) D:4
   Lair: D:8-11         Orc: D:9-12

Altars:
Ashenzari
Cheibriados
Dithmenos
Elyvilon
Fedhas
Gozag
Hepliaklqana
Kikubaaqudgha
Makhleb
Nemelex Xobeh
Okawaru
Qazlal
Ru
Sif Muna
Trog
Uskayaw
Vehumet
Xom
Yredelemnul
Zin
The Shining One
Lugonu


Message History

Something hits you but does no damage. x2
You barely miss something. Something hits you but does no damage.
Something hits you!
* * * LOW HITPOINT WARNING * * *
You see here 2 sedimented inky potions.
As you read the scroll of immolation, it crumbles to dust.
The creatures around you are filled with an inner flame!
You block something's attack. Something hits you.
* * * LOW HITPOINT WARNING * * *
You block something's attack.
Blink to where?
Press: ? - help, Dir - move target cursor You can't see that place. [the floor.]
You can't see that place.
Okay, then.
You block something's attack. Something hits you but does no damage.
Something hits you.
You die...

.....# #...... .....
...### #...... ..(..
...## #...... ......
....# #......##.....#
....+ ...............
....# ###..##)#
....## #....#!.#
##...### #.##....#
#.....###.#....@#
##..†..........######
#..8.......8........
##.........$...###++
##.........####
###........#
####[..### #.### #.#


There were no monsters in sight!

Vanquished Creatures
  Joseph (D:7)
  A polar bear (D:10)
  A hippogriff (D:7)
  A yak (D:10)
  A hungry ghost (D:8)
  4 orc warriors
  2 ice beasts
  2 sky beasts
  10 ogres
  A phantom (D:5)
  3 centaurs
  4 bullfrogs
  A gnoll sergeant (D:8)
  2 scorpions
  5 wights (D:9)
  2 howler monkeys (D:6)
  A centaur zombie (D:5)
  6 crimson imps
  Crazy Yiuf (D:5)
  A centaur skeleton (D:4)
  3 hounds
  2 jellies
  7 orc priests
  An iguana (D:9)
  7 orc wizards
  Jessica (D:3)
  Terence (D:3)
  Natasha (thrice) (D:3)
  3 worker ants
  A statue (D:5)
  A centaur simulacrum (D:10)
  A hound zombie (D:7)
  A worker ant zombie (D:8)
  5 gnolls (D:8)
  11 adders
  2 shadow imps
  A white imp (D:10)
  A worker ant simulacrum (D:10)
  An adder zombie (D:7)
  An adder skeleton (D:7)
  2 worms
  A dart slug (D:1)
  4 leopard geckos
  35 orcs
  7 bats
  7 giant cockroaches
  8 goblins
  14 hobgoblins
  15 jackals
  6 kobolds
  9 quokkas
  A ball python (D:5)
  8 frilled lizards
  A jackal skeleton (D:7)
  A quokka skeleton (D:7)
  8 rats
231 creatures vanquished.

Vanquished Creatures (others)
  Sonja (D:10)
  An orc priest (D:6)
2 creatures vanquished.

Grand Total: 233 creatures vanquished

Notes
Turn   | Place    | Note
-------+----------+-------------------------------------------
     0 | D:1      | tiohn the Hill Orc Fighter began the quest for the Orb.
     0 | D:1      | Reached XP level 1. HP: 19/19 MP: 1/1
    96 | D:1      | Reached XP level 2. HP: 26/27 MP: 2/2
    98 | D:1      | Reached skill level 3 in Axes
   521 | D:1      | Reached XP level 3. HP: 27/33 MP: 3/3
   590 | D:1      | Found a shattered altar of Ashenzari.
   712 | D:1      | You fall through a shaft!
  1228 | D:2      | Found a hazy altar of Hepliaklqana.
  1279 | D:2      | Reached skill level 4 in Axes
  1298 | D:2      | Found an opulent altar of Gozag.
  1305 | D:2      | Found an iron altar of Okawaru.
  1305 | D:2      | Found a bloodstained altar of Trog.
  1317 | D:2      | Became a worshipper of Warmaster Okawaru
  1330 | D:2      | Found a shadowy altar of Dithmenos.
  1330 | D:2      | Found a shattered altar of Ashenzari.
  1418 | D:2      | Reached XP level 4. HP: 39/40 MP: 4/4
  1738 | D:2      | Reached skill level 1 in Dodging
  1955 | D:3      | Noticed Terence
  1957 | D:3      | Noticed Jessica
  1983 | D:3      | Killed Jessica
  1983 | D:3      | Reached skill level 5 in Axes
  1983 | D:3      | Reached XP level 5. HP: 39/46 MP: 5/5
  1995 | D:3      | Killed Terence
  2103 | D:3      | Noticed Natasha
  2109 | D:3      | Killed Natasha
  2109 | D:3      | Reached skill level 6 in Axes
  2109 | D:3      | Reached XP level 6. HP: 28/53 MP: 6/6
  2249 | D:3      | Noticed Natasha
  2262 | D:3      | Killed Natasha
  2262 | D:3      | Reached * piety under Okawaru
  2423 | D:3      | Found a shimmering altar of Xom.
  2531 | D:3      | Noticed Natasha
  2537 | D:3      | Killed Natasha
  2974 | D:4      | Reached skill level 5 in Fighting
  2974 | D:4      | Reached skill level 7 in Axes
  3175 | D:4      | Reached XP level 7. HP: 37/61 MP: 7/7
  3401 | D:4      | Found a staircase to the Ecumenical Temple.
  3431 | Temple   | Entered the Ecumenical Temple
  3718 | D:4      | Reached skill level 8 in Axes
  3820 | D:4      | Found a shimmering altar of Xom.
  3909 | D:5      | Entered Level 5 of the Dungeon
  3909 | D:5      | Found a glowing silver altar of Zin.
  3940 | D:5      | Reached skill level 9 in Axes
  4202 | D:5      | Found a runed door.
  4206 | D:5      | Noticed Crazy Yiuf
  4212 | D:5      | Killed Crazy Yiuf
  4212 | D:5      | Reached skill level 5 in Armour
  4212 | D:5      | Reached XP level 8. HP: 67/69 MP: 8/8
  4549 | D:5      | Found a radiant altar of Vehumet.
  4561 | D:5      | Reached skill level 10 in Axes
  4606 | D:5      | Reached ** piety under Okawaru
  4838 | D:6      | Noticed a dagger
  4839 | D:6      | Noticed an enchanted hand axe
  4845 | D:6      | Found a hide-covered altar of Uskayaw.
  5145 | D:6      | Reached skill level 11 in Axes
  5402 | D:6      | Got a jewelled flail
  5505 | D:6      | Reached XP level 9. HP: 79/79 MP: 9/9
  5918 | D:6      | Reached *** piety under Okawaru
  6057 | D:7      | Found a snail-covered altar of Cheibriados.
  6068 | D:7      | Reached skill level 12 in Axes
  6068 | D:7      | Reached skill level 1 in Stealth
  6748 | D:7      | Noticed Joseph
  6765 | D:7      | Killed Joseph
  6765 | D:7      | Reached skill level 13 in Axes
  7142 | D:8      | Reached **** piety under Okawaru
  7146 | D:8      | Reached XP level 10. HP: 48/90 MP: 10/10
  7791 | D:8      | Found a basalt altar of Yredelemnul.
  7841 | D:8      | Reached skill level 14 in Axes
  8259 | D:9      | Found a sparkling altar of Nemelex Xobeh.
  8335 | D:9      | Got an ancient hand crossbow
  8867 | D:10     | Entered Level 10 of the Dungeon
  9112 | D:10     | Noticed Sonja
  9125 | D:10     | Killed Sonja
  9151 | D:10     | HP: 2/91 [something (4)]
  9154 | D:10     | Slain by an unseen horror

Skill      XL: |  1  2  3  4  5  6  7  8  9 10 |
---------------+-------------------------------+-----
Axes           | 3 4 5 6 7 9 11 13 14 | 14.7
Fighting       | 4 5 7 8 9 |  9.5
Dodging        | 1 |  1.4
Armour         | 4 5 6 7 |  7.3
Stealth        | 1 |  1.1
Throwing       | |  0.1
Shields        | |  3.2
Invocations    | |  0.3

Action                   |  1- 3 |  4- 6 |  7- 9 | 10-12 || total
-------------------------+-------+-------+-------+-------++-------
Melee: War axe           |   152 |   192 |   343 |   208 ||   895
Throw: Throwing net      |       |       |     1 |       ||     1
Invok: Heroism           |       |       |     1 |       ||     1
  Use: Scroll            |       |       |     9 |     7 ||    16
  Eat: Bread ration      |     1 |     1 |     3 |     2 ||     7
Armor: Scale mail        |    71 |   101 |   131 |   102 ||   405
Dodge: Dodged            |    48 |    69 |    89 |    42 ||   248
Block: Shield            |    76 |    88 |   147 |   125 ||   436
       Reflection        |       |       |       |     4 ||     4
